 Dungeon Crawl Stone Soup version 0.26.1-12-g5ba1501909 (webtiles) character file.

Game seed: 14564238505918508747

1351 Zeld the Insei (level 8, 0/52 HPs)
             Began as an Octopode Transmuter on Oct 24, 2021.
             Was an Initiate of Ru.
             Killed by divine providence
             ... invoked by an orc priest
              (10 damage)
             ... on level 7 of the Dungeon.
             The game lasted 00:10:05 (10856 turns).

Zeld the Insei (Octopode Transmuter)               Turns: 10856, Time: 00:10:05

Health: 0/52       AC:  2    Str: 12    XL:     8   Next: 63%
Magic:  11/13      EV: 22    Int: 15    God:    Ru [......]
Gold:   164        SH:  0    Dex: 17    Spells: 4/14 levels left

rFire    + . .     SeeInvis .     - Unarmed
rCold    . . .     Faith    .   (shield currently unavailable)
rNeg     . . .     Spirit   .   (helmet currently unavailable)
rPois    x         Reflect  .   (no amulet)
rElec    .         Harm     .   h - ring of flight
rCorr    .         Rampage  .   u - ring of willpower
Will     +....                  p - ring of protection from fire
Stlth    ++++......             x - ring of stealth
HPRegen  0.17/turn              (no ring)
MPRegen  0.13/turn              (no ring)
                                (no ring)
                                (no ring)

@: spider-form (expiring)
A: tiny, almost no armour, stealthy swim, (amphibious), 8 rings, (constrict 8)
a: End Transformation, Renounce Religion, Evoke Flight


You were on level 7 of the Dungeon.
You worshipped Ru.
Ru was noncommittal.
You were a venomous arachnid creature.
You visited 2 branches of the dungeon, and saw 8 of its levels.

You collected 320 gold pieces.
You spent 156 gold pieces at shops.

Inventory:

Armour
 w - a +1 hat (melded)
Jewellery
 h - a ring of flight (left front leg)
 p - a ring of protection from fire (on tentacle)
 u - a ring of willpower (right front leg)
 x - a ring of stealth (on tentacle)
Wands
 A - a wand of polymorph (15)
Scrolls
 a - 5 scrolls of remove curse
 e - a scroll of fear {unknown}
 g - 5 scrolls of identify {unknown}
 k - 4 scrolls of amnesia {unknown}
 n - a scroll of enchant weapon {unknown}
 q - 3 scrolls of teleportation {unknown}
 s - a scroll of magic mapping {unknown}
 v - 2 scrolls of fog {unknown}
 y - a scroll of enchant armour {unknown}
 B - a scroll of silence {unknown}
Potions
 b - 5 potions of might {unknown}
 c - a potion of invisibility {unknown}
 d - 3 potions of mutation {unknown}
 f - 2 potions of flight {unknown}
 i - 2 potions of heal wounds {unknown}
 j - 2 potions of cancellation {unknown}
 l - 5 potions of curing
 m - a potion of attraction {unknown}
 o - 2 potions of lignification {unknown}
 r - 2 potions of brilliance
 t - a potion of berserk rage
 z - a potion of degeneration {unknown}


   Skills:
 + Level 3.3 Fighting
 + Level 3.8 Dodging
 + Level 4.5 Stealth
 * Level 5.5 Unarmed Combat
 + Level 3.5 Spellcasting
 * Level 5.1 Transmutations
 + Level 2.3 Ice Magic
 - Level 3.0 Poison Magic


You had 4 spell levels left.
You knew the following spells:

 Your Spells              Type           Power        Failure   Level
a - Beastly Appendage     Tmut           36%          9%          1
b - Wereblood             Tmut           18%          12%         2
c - Spider Form           Tmut/Pois      7%           26%         3
d - Ice Form              Ice/Tmut       13%          61%         4

Your spell library contained the following spells:

 Spells                   Type           Power        Failure   Level
 Passwall                 Tmut/Erth      8%           24%         2
 Sandblast                Erth           4%           38%         1
 Summon Small Mammal      Summ           8%           38%         1
 Call Imp                 Summ           2%           50%         2
 Call Canine Familiar     Summ           2%           71%         3
 Stone Arrow              Conj/Erth      4%           71%         3
 Summon Guardian Golem    Hex/Summ       2%           71%         3
 Petrify                  Tmut/Erth      10%          75%         4
 Summon Ice Beast         Ice/Summ       6%           89%         4
 Summon Lightning Spire   Summ/Air       2%           96%         4
 Blade Hands              Tmut           9%           75%         5
 Lee's Rapid Deconstruct  Erth           1%           100%        5


Dungeon Overview and Level Annotations

Branches:
Dungeon (7/15)             Temple (1/1) D:5

Altars:
Ashenzari
Cheibriados
Dithmenos
Elyvilon
Fedhas
Hepliaklqana
Kikubaaqudgha
Nemelex Xobeh
Okawaru
Qazlal
Ru
Sif Muna
Trog
Uskayaw
Wu Jian
Xom
Yredelemnul
Zin
The Shining One

Shops:
D:4 !


Innate Abilities, Weirdness & Mutations

You cannot wear most types of armour.
You are very stealthy in the water. (Stealth+)
((You are amphibious.))
You can wear up to eight rings at the same time.
((You can use your tentacles to constrict eight enemies at once.))
((Your skin changes colour to match your surroundings (Stealth+).))
((Your rubbery body absorbs attacks. (AC +1, EV +1)))


Message History

You bite the orc priest!
You kill the orc priest!
The orc priest calls down the wrath of Beogh upon you.
Beogh smites you!
The orc priest miscasts a cantrip.
You see here a +0 trident.
You barely miss the orc priest.
The orc priest mumbles some strange prayers to Beogh against you.
Beogh smites you!
* * * LOW HITPOINT WARNING * * *
You hit the orc priest but do no damage.
The orc priest is poisoned.
The orc priest closely misses you.
You barely miss the orc priest.
The orc priest invokes the aid of Beogh against you.
You resist with some effort.
Your transformation is almost over.
The orc priest completely misses you.
The orc priest invokes the aid of Beogh against you.
Beogh smites you!
You die...

..# #.#
#.# #o#
#o# #o#
#o# #.#
#s# #.#
#.# #.#
...##.#
#..##.#
#..##.#
##..
#.# ...
#.#


You could see 2 orc priests and 2 orcs.

Vanquished Creatures
  Edmund (D:5)
  An ice beast (D:7)
  2 sky beasts
  A centaur (D:6)
  A bullfrog (D:6)
  A scorpion (D:5)
  A water moccasin skeleton (D:5)
  A bullfrog zombie (D:6)
  2 orc priests
  3 hounds
  A jelly (D:6)
  A gnoll shaman (D:5)
  4 iguanas
  Jessica (D:2)
  4 worker ants
  A hound zombie (D:5)
  A hound skeleton (D:4)
  Robin (D:3)
  4 gnolls (D:5)
  3 adders (D:2)
  A shadow imp (D:5)
  A white imp (D:6)
  5 ufetubi
  An adder zombie (D:5)
  A worm (D:2)
  A dart slug (D:1)
  6 leopard geckos
  8 orcs
  2 bats (D:1)
  2 giant cockroaches (D:1)
  16 goblins
  7 hobgoblins
  9 jackals
  5 kobolds
  A ball python (D:5)
  7 frilled lizards
  A leopard gecko zombie (D:5)
  A quokka zombie (D:6)
  10 rats
120 creatures vanquished.

Notes
Turn   | Place    | Note
-------+----------+-------------------------------------------
     0 | D:1      | Zeld the Octopode Transmuter began the quest for the Orb.
     0 | D:1      | Reached XP level 1. HP: 13/13 MP: 3/3
   241 | D:1      | Reached XP level 2. HP: 10/18 MP: 3/5
   248 | D:1      | Learned a level 2 spell: Wereblood
   920 | D:1      | Reached skill level 1 in Stealth
  1072 | D:1      | Reached XP level 3. HP: 17/23 MP: 6/6
  1175 | D:1      | Learned a level 3 spell: Spider Form
  2060 | D:2      | Noticed Jessica
  2066 | D:2      | Killed Jessica
  2067 | D:2      | Reached XP level 4. HP: 28/28 MP: 5/7
  2669 | D:2      | Reached skill level 1 in Poison Magic
  2669 | D:2      | Reached XP level 5. HP: 17/34 MP: 5/8
  3140 | D:3      | Found a stormy altar of Qazlal.
  3834 | D:3      | Found a white marble altar of Elyvilon.
  3838 | D:3      | Noticed Robin
  3845 | D:3      | Killed Robin
  4596 | D:4      | Reached XP level 6. HP: 23/39 MP: 9/9
  4601 | D:4      | Learned a level 4 spell: Ice Form
  4771 | D:4      | Found a hazy altar of Hepliaklqana.
  4778 | D:4      | Found a snail-covered altar of Cheibriados.
  5092 | D:4      | Found Xaxo's Distillery.
  5253 | D:4      | Bought a potion of curing for 39 gold pieces
  5253 | D:4      | Bought a potion of brilliance for 52 gold pieces
  5253 | D:4      | Bought a potion of berserk rage for 65 gold pieces
  5629 | D:4      | Found a blossoming altar of Fedhas.
  5903 | D:5      | Entered Level 5 of the Dungeon
  5903 | D:5      | Noticed a sky beast
  5914 | D:5      | Killed a sky beast
  5997 | D:5      | Reached XP level 7. HP: 37/45 MP: 8/11
  6348 | D:5      | Found a staircase to the Ecumenical Temple.
  6440 | D:5      | Reached skill level 1 in Ice Magic
  6504 | D:5      | Noticed Edmund
  6523 | D:5      | Killed Edmund
  7523 | Temple   | Entered the Ecumenical Temple
  8814 | D:6      | Reached skill level 5 in Unarmed Combat
  8814 | D:6      | Reached XP level 8. HP: 26/51 MP: 10/12
 10337 | D:6      | Found a glowing golden altar of the Shining One.
 10371 | D:6      | Found a sacrificial altar of Ru.
 10375 | D:6      | Became a worshipper of Ru the Awakened
 10670 | D:7      | Reached skill level 5 in Transmutations
 10856 | D:7      | Killed from afar by an orc priest

Illustrated notes

Levels and vault maps discovered:
D:1:      dpeg_arrival_oval, layout_loops_ring, minmay_tall_x
D:2:      layout_basic, uniq_jessica
D:3:      layout_loops_ring, elyvilon_altar_1, lemuel_crystal_altar, uniq_robin
D:4:      layout_basic, minitemple, serial_shops, shop, fedhas_altar_3
D:5:      layout_basic, minmay_temple_entry_enclosed_plants,
          minmay_increasing_density, uniq_edmund
D:6:      layout_gridville, kennysheep_mini, nicolae_tso_swordbearing_angel,
          chequers_garden, hangedman_decor_push
D:7:      layout_basic, grunt_temple_overflow_lords_of_destruction
Temple:   nicolae_temple_figure_eight

Skill      XL: |  1  2  3  4  5  6  7  8 |
---------------+-------------------------+-----
Stealth        | 1 2 3 4 |  4.5
Poison Magic   | 1 2 3 |  3.0
Transmutations | 3 4 5 |  5.1
Fighting       | 2 3 |  3.3
Unarmed Combat | 4 5 |  5.5
Dodging        | 3 |  3.8
Ice Magic      | 1 2 |  2.3
Spellcasting   | 3 |  3.5

Action                   |  1- 3 |  4- 6 |  7- 9 || total
-------------------------+-------+-------+-------++-------
Melee: Unarmed           |    60 |   122 |   156 ||   338
       Constrict         |    20 |    29 |    11 ||    60
       Kick              |    17 |    26 |     6 ||    49
       Tentacles         |    11 |    19 |     6 ||    36
       Punch             |     1 |     1 |     1 ||     3
 Cast: Beastly Appendage |    22 |    25 |     6 ||    53
       Spider Form       |       |     2 |    20 ||    22
       Wereblood         |       |     2 |       ||     2
  Use: Scroll            |       |       |     1 ||     1
 Stab: Sleeping          |     3 |     7 |     4 ||    14
Armor: Skin              |     4 |     6 |     6 ||    16
Dodge: Dodged            |    30 |    68 |   153 ||   251
